 Dungeon Crawl Stone Soup version 0.29-a0-359-g541a27f54d (webtiles) character file.

Game seed: 14894168937440198797

89 safyre the Skirmisher (level 4, -1/35 HPs)
             Began as a Demonspawn Abyssal Knight on Apr 27, 2022.
             Was a Believer of Lugonu.
             Slain by an orc wizard
             ... wielding a +0 dagger
              (3 damage)
             ... on level 3 of the Dungeon.
             The game lasted 00:13:43 (2377 turns).

safyre the Skirmisher (Demonspawn Abyssal Knight)   Turns: 2377, Time: 00:13:44

Health: -1/35      AC:  3    Str: 16    XL:     4   Next: 31%
Magic:  15/15      EV: 11    Int: 11    God:    Lugonu [**....]
Gold:   65         SH:  0    Dex: 13    Spells: 3/3 levels left

rFire   . . .      SeeInvis .   d - +1 demon whip (pain)
rCold   . . .      Faith    .   (no shield)
rNeg    . . .      Spirit   .   b - +0 leather armour
rPois   +          Reflect  .   (helmet restricted)
rElec   .          Harm     .   (no cloak)
rCorr   +          Rampage  .   (no gloves)
Will    .....                   (no boots)
Stlth   +.........              (no amulet)
HPRegen 0.11/turn               c - ring of resist corrosion
MPRegen 0.14/turn               k - ring of magical power

@: brilliant
A: antennae 2, poison resistance, screaming 1
a: Renounce Religion, Depart the Abyss, Bend Space


You were on level 3 of the Dungeon.
You worshipped Lugonu.
Lugonu was pleased with you.
You visited 1 branch of the dungeon, and saw 3 of its levels.
You visited the Abyss 1 time.

You collected 115 gold pieces.
You spent 50 gold pieces at shops.

Inventory:

Hand Weapons
 d - a +1 demon whip of pain (weapon)
 l - a +2 short sword of freezing
Armour
 b - a +0 leather armour (worn)
Jewellery
 c - a ring of resist corrosion (left hand)
 k - a ring of magical power (right hand)
Scrolls
 a - 4 scrolls of teleportation
 e - a scroll of vulnerability
 g - a scroll of holy word {unknown}
 i - a scroll of summoning {unknown}


   Skills:
 + Level 3.4 Fighting
 - Level 1.8 Long Blades
 + Level 1.2 Maces & Flails
 + Level 2.4 Armour
 + Level 1.7 Dodging
 + Level 1.0 Necromancy
 + Level 3.3 Invocations


You had 3 spell levels left.
You didn't know any spells.
Your spell library was empty.

Dungeon Overview and Level Annotations

Branches:
Dungeon (3/15)

Altars:

Shops:
D:2 !


Innate Abilities, Weirdness & Mutations

You have a pair of antennae on your head.
Your system is resistant to poisons. (rPois)
You occasionally shout uncontrollably at your foes.


Message History

The orc priest invokes the aid of Beogh against you.
Beogh smites you!
* * * LOW HITPOINT WARNING * * *
You feel much better. The orc barely misses you.
You hit the orc.
The orc is lightly wounded.
You hit the orc but do no damage. You whack the orc!
You kill the orc!
Lugonu accepts your kill.
The orc priest calls upon Beogh to heal the orc.
The orc's wounds heal themselves!
You completely miss the orc. The orc barely misses you.
You hit the orc but do no damage. The orc hits you with a +0 dagger.
You hear some strange, mumbled words.
You are confused.
You miss something.
The orc priest begins to cast a cantrip, but forgets the words!
The orc hits you with a +0 dagger. Something hits you.
You barely miss the orc.
The orc priest looks braver for a moment.
The orc barely misses you. Something hits you.
You bump into the rock wall.
The orc closely misses you.
You hear some strange, mumbled words.
A magic dart appears from out of thin air!
The magic dart hits you!
* * * LOW HITPOINT WARNING * * *
You are too confused!
Your magical effects are unravelling.
You feel magically purged.
You feel less confused. The orc hits you with a +0 dagger.
* * * LOW HITPOINT WARNING * * *
Something hits you.
* * * LOW HITPOINT WARNING * * *
You don't have enough health at the moment.
It was a potion of brilliance.
You feel clever all of a sudden. The orc hits you but does no damage.
Something hits you.
You die...

#.#.... #......
###.... ####. #.
###################.
#...................
#.#################.
#.#@{o......... #.
#.#o#o......# #.
#.#.#.#.#.### #.
#.#.#...# .. #.
#.#.###.####### #.
########.#..$.........
..
#.$......#####.#######
#.....<..# #.#
#........# #.#


You could see an orc priest and 2 orcs.

Vanquished Creatures
  2 orc priests (D:3)
  A dart slug (D:1)
  4 orcs (D:3)
  An endoplasm (D:2)
  2 hobgoblins (D:1)
  2 ball pythons
  A bat (D:1)
  7 frilled lizards
  4 goblins (D:1)
  2 kobolds (D:1)
  2 rats
28 creatures vanquished.

Notes
Turn   | Place    | Note
-------+----------+-------------------------------------------
     0 | Abyss:1  | safyre the Demonspawn Abyssal Knight began the quest for
                  | the Orb.
     0 | Abyss:1  | Reached XP level 1. HP: 18/18 MP: 2/2
    13 | Abyss:2  | Found a corrupted altar of Lugonu.
    17 | Abyss:2  | Noticed a starcursed mass
    19 | D:1      | Escaped the Abyss
   487 | D:1      | Reached skill level 1 in Dodging
   821 | D:1      | Gained mutation: Your system is resistant to poisons.
                  | (rPois) [potion of mutation]
   821 | D:1      | Gained mutation: You occasionally shout uncontrollably at
                  | your foes. [potion of mutation]
   907 | D:1      | Gained mutation: You have a pair of small antennae on your
                  | head. [demonic ancestry]
   907 | D:1      | Reached XP level 2. HP: 24/24 MP: 4/4
  1032 | D:1      | Reached ** piety under Lugonu
  1033 | D:1      | Found a faded altar of an unknown god.
  1457 | D:2      | Found Neutit's Distillery.
  1465 | D:2      | Bought a potion of heal wounds for 50 gold pieces
  2081 | D:3      | Reached skill level 1 in Maces & Flails
  2081 | D:3      | Reached XP level 3. HP: 15/29 MP: 5/5
  2092 | D:3      | Reached skill level 1 in Necromancy
  2092 | D:3      | Gained mutation: You have a pair of antennae on your head.
                  | [demonic ancestry]
  2092 | D:3      | Reached XP level 4. HP: 26/35 MP: 6/6
  2377 | D:3      | Slain by an orc wizard

Illustrated notes

Levels and vault maps discovered:
D:1:      ncdulo_wetmaze, layout_basic, basic_ecumenical_altar,
          chequers_serial_rivers_micro_e
D:2:      wander_river, layout_loops_cross, serial_shops, nicolae_shop_stone
D:3:      layout_basic, nicolae_figureground_pulse

Skill      XL: |  1  2  3 |
---------------+----------+-----
Dodging        | 1 |  1.7
Armour         | 2 |  2.4
Maces & Flails | 1 |  1.2
Invocations    | 3 |  3.3
Necromancy     | 1 |  1.0
Fighting       | |  3.4
Long Blades    | |  1.8

Action                   |  1- 3 |  4- 6 || total
-------------------------+-------+-------++-------
Melee: Falchion          |    31 |       ||    31
       Demon whip        |    43 |     8 ||    51
       Punch             |     1 |       ||     1
Invok: Depart the Abyss  |     1 |       ||     1
  Use: Scroll            |     3 |     1 ||     4
       Potion            |     2 |     3 ||     5
Armor: Leather armour    |    15 |     2 ||    17
Dodge: Dodged            |    39 |     6 ||    45

Table legend: (Time is in decaauts)
 A = Elapsed time spent in this place.
 B = Non-inter-level travel time spent in this place.
 C = Inter-level travel time spent in this place.
 D = Time resting spent in this place.
 E = Time spent auto-exploring this place.
 F = Levels seen in this place.
 G = Mean time per level.
                   A        B        C        D        E       F      G
               +--------+--------+--------+--------+--------+-----+--------+
         Total |   2407 |   2315 |     92 |    464 |   1140 |   5 |  481.4 |
       Dungeon |   2388 |   2296 |     92 |    464 |   1140 |   3 |  796.0 |
         Abyss |     18 |     18 |      0 |      0 |      0 |   2 |    9.0 |
               +--------+--------+--------+--------+--------+-----+--------+

Top non-repeatable levels by time:
     D:1: 1345 daAuts
     D:2: 740 daAuts
     D:3: 302 daAuts
 Abyss:2: 9 daAuts
 Abyss:1: 9 daAuts
